| TOP OF THE 1ST |
|
Kingsport Mets batting - Pitching for Grand Junction Rockies : LHP Kyle Mearkle
|
|
Pitching: LHP Kyle Mearkle
|
|
|
Batting: RHB Josh Jones
|
0-0: Ball 1-0: Ball 2-0: Foul Ball, location: 2F 2-1: Fly out, F4 (Popup, 3D, EV 50.6 MPH)
|
|
Batting: SHB Callum Lynch
|
0-0: Ball 1-0: Foul Ball, location: 2F 1-1: Swinging Strike 1-2: Foul Ball, location: 2F 1-2: Ball 2-2: Foul Ball, location: 2F 2-2: Hit by Pitch
|
|
Batting: RHB Steve Page
|
0-0: Called Strike 0-1: Ball 1-1: Foul Ball, location: 2F 1-2: Foul Ball, location: 2F 1-2: Ball 2-2: 2-RUN HOME RUN (Flyball, 78XD, EV 99.4 MPH) (Inside the Park)
|
|
Batting: RHB Kyle Holland
|
0-0: Called Strike 0-1: Ball 1-1: Foul Ball, location: 2F 1-2: Ground out 3-1 (Groundball, 34S, EV 82.5 MPH)
|
|
Batting: SHB Jason Evans
|
0-0: Called Strike 0-1: Fly out, F8 (Line Drive, 8RM, EV 110.6 MPH)
|
| Top of the 1st over - 2 runs, 1 hit, 0 errors, 0 left on base; Kingsport 2 - Grand Junction 0 |
| BOTTOM OF THE 1ST |
|
Grand Junction Rockies batting - Pitching for Kingsport Mets : RHP John Mason
|
|
Pitching: RHP John Mason
|
|
|
Batting: LHB Steve Gilliam
|
0-0: Ball 1-0: Called Strike 1-1: Called Strike 1-2: Strikes out looking
|
|
Batting: RHB Ryan Rinaldi
|
0-0: Ball 1-0: Ball 2-0: Foul Ball, location: 2F 2-1: SINGLE (Line Drive, 6D, EV 103.1 MPH)
|
|
Batting: RHB John Boyer
|
0-0: Ball 1-0: Ball 2-0: Swinging Strike 2-1: Ball 3-1: Foul Ball, location: 2F 3-2: Foul Ball, location: 2F 3-2: Grounds into double play, 6-4-3 (Groundball, 6, EV 76.9 MPH)
|
| Bottom of the 1st over - 0 runs, 1 hit, 0 errors, 0 left on base; Kingsport 2 - Grand Junction 0 |
| TOP OF THE 2ND |
|
Kingsport Mets batting - Pitching for Grand Junction Rockies : LHP Kyle Mearkle
|
|
Batting: RHB Danny Runberg
|
0-0: Called Strike 0-1: Ball 1-1: Foul Ball, location: 2F 1-2: Ball 2-2: Ball 3-2: Foul Ball, location: 2F 3-2: Strikes out swinging
|
|
Batting: RHB Coltin Nellis
|
0-0: Swinging Strike 0-1: Called Strike 0-2: SINGLE (Line Drive, 9S, EV 100.0 MPH)
|
|
Batting: RHB Dan House
|
0-0: Ball 1-0: Called Strike 1-1: SINGLE (Line Drive, 9S, EV 90.0 MPH) Coltin Nellis to second Runner from 2nd tries for 3rd, SAFE, throw by RF made to third
|
|
Batting: LHB Mototsune Suzuki
|
0-0: Called Strike 0-1: Ball 1-1: Foul Ball, location: 2F 1-2: Strikes out looking
|
|
Batting: RHB Josh Jones
|
0-0: TRIPLE (Line Drive, 9LD, EV 96.3 MPH) Coltin Nellis scores Dan House scores
|
|
Batting: SHB Callum Lynch
|
0-0: Ball Wild Pitch! Josh Jones scores 1-0: Foul Ball, location: 2F 1-1: Called Strike 1-2: Ball 2-2: Foul Ball, location: 2F 2-2: Foul Ball, location: 2F 2-2: Ground out 4-3 (Groundball, 4M, EV 103.8 MPH)
|
| Top of the 2nd over - 3 runs, 3 hits, 0 errors, 0 left on base; Kingsport 5 - Grand Junction 0 |
| BOTTOM OF THE 2ND |
|
Grand Junction Rockies batting - Pitching for Kingsport Mets : RHP John Mason
|
|
Batting: LHB Chris Salim
|
0-0: SINGLE (Line Drive, 7S, EV 106.3 MPH)
|
|
Batting: RHB Juan Figueroa
|
0-0: Called Strike 0-1: Foul Ball, location: 2F 0-2: Strikes out swinging
|
|
Batting: LHB Harry Folsom
|
0-0: Ball 1-0: SINGLE (Groundball, 3D, EV 96.9 MPH) Chris Salim to second Chris Salim to third
|
|
Batting: SHB Jamie Mims
|
0-0: Swinging Strike 0-1: Ball 1-1: Called Strike 1-2: Fielders Choice at 2nd, 2-4 (Groundball, 2L, EV 65.6 MPH)
|
|
Batting: RHB John Stevenson
|
0-0: Ball Jamie Mims steals 2nd base 1-0: Ball 2-0: Foul Ball, location: 2F 2-1: Foul Ball, location: 2F 2-2: Foul Ball, location: 2F 2-2: Ground out 5-3 (Groundball, 56S, EV 85.6 MPH)
|
| Bottom of the 2nd over - 0 runs, 2 hits, 0 errors, 2 left on base; Kingsport 5 - Grand Junction 0 |
| TOP OF THE 3RD |
|
Kingsport Mets batting - Pitching for Grand Junction Rockies : LHP Kyle Mearkle
|
|
Batting: RHB Steve Page
|
0-0: Ball 1-0: Called Strike 1-1: Ball 2-1: Foul Ball, location: 2F 2-2: Ground out 6-3 (Groundball, 6, EV 80.0 MPH)
|
|
Batting: RHB Kyle Holland
|
0-0: Fly out, F3 (Line Drive, 3, EV 69.4 MPH)
|
|
Batting: SHB Jason Evans
|
0-0: SINGLE (Groundball, 56D, EV 101.9 MPH)
|
|
Batting: RHB Danny Runberg
|
0-0: Foul Ball, location: 2F 0-1: Foul Ball, location: 2F 0-2: Strikes out swinging
|
| Top of the 3rd over - 0 runs, 1 hit, 0 errors, 1 left on base; Kingsport 5 - Grand Junction 0 |
| BOTTOM OF THE 3RD |
|
Grand Junction Rockies batting - Pitching for Kingsport Mets : RHP John Mason
|
|
Batting: RHB Keith Giarratano
|
0-0: Ball 1-0: Ball 2-0: Called Strike 2-1: Called Strike 2-2: Strikes out looking
|
|
Batting: LHB Steve Gilliam
|
0-0: Ball 1-0: Ball 2-0: Ball 3-0: Called Strike 3-1: Base on Balls
|
|
Batting: RHB Ryan Rinaldi
|
0-0: Ball 1-0: Called Strike Steve Gilliam steals 2nd base 1-1: Called Strike 1-2: Strikes out swinging
|
|
Batting: RHB John Boyer
|
0-0: Called Strike 0-1: Ball 1-1: Fly out, F8 (Flyball, 8LS, EV 83.8 MPH)
|
| Bottom of the 3rd over - 0 runs, 0 hits, 0 errors, 1 left on base; Kingsport 5 - Grand Junction 0 |
| TOP OF THE 4TH |
|
Kingsport Mets batting - Pitching for Grand Junction Rockies : LHP Kyle Mearkle
|
|
Batting: RHB Coltin Nellis
|
0-0: Called Strike 0-1: Foul Ball, location: 2F 0-2: Ball 1-2: SINGLE (Line Drive, 4D, EV 96.3 MPH)
|
|
Batting: RHB Dan House
|
0-0: Ball 1-0: DOUBLE (Groundball, 5L, EV 105.0 MPH) Coltin Nellis to third
|
|
Batting: LHB Mototsune Suzuki
|
0-0: Swinging Strike 0-1: Swinging Strike 0-2: Strikes out swinging
|
|
Batting: RHB Josh Jones
|
0-0: Ball 1-0: SINGLE (Groundball, 34D, EV 96.3 MPH) Coltin Nellis scores Dan House to third Runner from 3rd tries for Home, SAFE, throw by RF to home
|
|
Pitching: RHP Jim Micaletti
|
|
|
Batting: SHB Callum Lynch
|
0-0: Foul Ball, location: 2F 0-1: Swinging Strike 0-2: Strikes out looking
|
|
Batting: RHB Steve Page
|
0-0: Ball 1-0: Ball 2-0: Called Strike 2-1: SINGLE (Groundball, 4MD, EV 100.0 MPH) Josh Jones to second
|
|
Batting: RHB Kyle Holland
|
0-0: Fly out, F3 (Popup, 23F, EV 88.8 MPH)
|
| Top of the 4th over - 2 runs, 4 hits, 0 errors, 2 left on base; Kingsport 7 - Grand Junction 0 |
| BOTTOM OF THE 4TH |
|
Grand Junction Rockies batting - Pitching for Kingsport Mets : RHP John Mason
|
|
Batting: LHB Chris Salim
|
0-0: Ball 1-0: Called Strike 1-1: Ball 2-1: Foul Ball, location: 2F 2-2: Strikes out swinging
|
|
Batting: RHB Juan Figueroa
|
0-0: Ball 1-0: Ball 2-0: Foul Ball, location: 2F 2-1: Called Strike 2-2: Foul Ball, location: 2F 2-2: Foul Ball, location: 2F 2-2: Ball 3-2: Base on Balls
|
|
Batting: LHB Harry Folsom
|
0-0: Called Strike 0-1: SINGLE (Groundball, 4MD, EV 105.6 MPH) Juan Figueroa to second
|
|
Batting: SHB Jamie Mims
|
0-0: Called Strike Juan Figueroa steals 3rd base 0-1: Foul Ball, location: 2F 0-2: Fielders Choice at 2nd, 4-6 (Groundball, 4M, EV 87.5 MPH) Juan Figueroa scores
|
|
Batting: RHB John Stevenson
|
0-0: Called Strike Jamie Mims steals 2nd base 0-1: Ball 1-1: Ball 2-1: Swinging Strike 2-2: Foul Ball, location: 2F 2-2: Foul Ball, location: 2F 2-2: Ground out 4-3 (Groundball, 4D, EV 104.4 MPH)
|
| Bottom of the 4th over - 1 run, 1 hit, 0 errors, 1 left on base; Kingsport 7 - Grand Junction 1 |
| TOP OF THE 5TH |
|
Kingsport Mets batting - Pitching for Grand Junction Rockies : RHP Jim Micaletti
|
|
Batting: SHB Jason Evans
|
0-0: Ball 1-0: SINGLE (Groundball, 34D, EV 105.6 MPH)
|
|
Batting: RHB Danny Runberg
|
0-0: Called Strike 0-1: Ball 1-1: Called Strike 1-2: Ball 2-2: Foul Ball, location: 2F 2-2: Ball 3-2: Base on Balls Jason Evans to second
|
|
Batting: RHB Coltin Nellis
|
0-0: Ball 1-0: Called Strike 1-1: Ball 2-1: Ball 3-1: Base on Balls Jason Evans to third Danny Runberg to second
|
|
Batting: RHB Dan House
|
0-0: Ball 1-0: Ball 2-0: Ball 3-0: Called Strike 3-1: Foul Ball, location: 2F 3-2: Base on Balls Jason Evans scores Danny Runberg to third Coltin Nellis to second
|
|
Batting: LHB Mototsune Suzuki
|
0-0: Grounds into double play, 4-6-3 (Groundball, 4, EV 84.4 MPH) Danny Runberg scores Coltin Nellis to third
|
|
Batting: RHB Josh Jones
|
0-0: Called Strike 0-1: Swinging Strike 0-2: SINGLE (Groundball, 4S, EV 68.8 MPH) (infield hit) Coltin Nellis scores
|
|
Batting: SHB Callum Lynch
|
0-0: SINGLE (Line Drive, 78S, EV 113.8 MPH) Josh Jones to second
|
|
Batting: RHB Steve Page
|
0-0: Foul Ball, location: 2F 0-1: Ball 1-1: Ball 2-1: Foul Ball, location: 2F 2-2: Ball 3-2: Base on Balls Josh Jones to third Callum Lynch to second
|
|
Batting: RHB Kyle Holland
|
0-0: Swinging Strike 0-1: Foul Ball, location: 2F 0-2: Ball 1-2: Foul Ball, location: 2F 1-2: Ball 2-2: Fly out, F7 (Flyball, BS2, EV 106.3 MPH)
|
| Top of the 5th over - 3 runs, 3 hits, 0 errors, 3 left on base; Kingsport 10 - Grand Junction 1 |
| BOTTOM OF THE 5TH |
|
Grand Junction Rockies batting - Pitching for Kingsport Mets : RHP John Mason
|
|
Batting: RHB Keith Giarratano
|
0-0: Ball 1-0: Ball 2-0: Ball 3-0: Called Strike 3-1: Base on Balls
|
|
Batting: LHB Steve Gilliam
|
0-0: Ball 1-0: Ball 2-0: Ball 3-0: Base on Balls Keith Giarratano to second
|
|
Batting: RHB Ryan Rinaldi
|
0-0: Called Strike 0-1: Ball 1-1: Ball 2-1: Ball 3-1: Foul Ball, location: 2F 3-2: Fielders Choice at 2nd, 5-4 (Groundball, 56, EV 92.5 MPH) Keith Giarratano to third
|
|
Batting: RHB John Boyer
|
0-0: Ball 1-0: Ball 2-0: SINGLE (Groundball, 56D, EV 98.1 MPH) (infield hit) Keith Giarratano scores Ryan Rinaldi to second
|
|
Batting: LHB Chris Salim
|
0-0: Ball 1-0: Ball 2-0: DOUBLE (Line Drive, 8LXD, EV 106.9 MPH) Ryan Rinaldi scores John Boyer to third Runner from 3rd tries for Home, SAFE, throw by CF to home
|
|
Batting: RHB Juan Figueroa
|
0-0: SINGLE (Flyball, 34D, EV 88.8 MPH) Chris Salim to third
|
|
Batting: LHB Harry Folsom
|
0-0: Called Strike Juan Figueroa steals 2nd base (no throw) 0-1: Foul Ball, location: 2F 0-2: Strikes out swinging
|
|
Batting: SHB Jamie Mims
|
0-0: Foul Ball, location: 2F 0-1: Swinging Strike 0-2: Ball 1-2: SINGLE (Line Drive, 56D, EV 107.5 MPH) Chris Salim scores Juan Figueroa to third Runner from 3rd tries for Home, SAFE, throw by LF to home
|
|
Batting: RHB John Stevenson
|
0-0: Called Strike Jamie Mims steals 2nd base 0-1: Ball 1-1: Swinging Strike 1-2: Ground out 3-1 (Groundball, 34, EV 80.6 MPH)
|
| Bottom of the 5th over - 5 runs, 4 hits, 0 errors, 1 left on base; Kingsport 10 - Grand Junction 6 |
| TOP OF THE 6TH |
|
Kingsport Mets batting - Pitching for Grand Junction Rockies : RHP Jim Micaletti
|
|
Batting: SHB Jason Evans
|
0-0: Foul Ball, location: 2F 0-1: SOLO HOME RUN (Line Drive, 9LD, EV 101.9 MPH) (Inside the Park)
|
|
Batting: RHB Danny Runberg
|
0-0: Ball 1-0: Called Strike 1-1: Foul Ball, location: 2F 1-2: Strikes out swinging
|
|
Batting: RHB Coltin Nellis
|
0-0: Ball 1-0: Foul Ball, location: 2F 1-1: Ball 2-1: Fly out, F8 (Flyball, 8RD, EV 96.3 MPH)
|
|
Batting: RHB Dan House
|
0-0: Ball 1-0: Ball 2-0: Ball 3-0: Called Strike 3-1: Foul Ball, location: 2F 3-2: Base on Balls
|
|
Pitching: RHP Willie Benito
|
|
|
Batting: LHB Mototsune Suzuki
|
0-0: Called Strike 0-1: Foul Ball, location: 2F 0-2: Foul Ball, location: 2F 0-2: Ball 1-2: Ground out U3 (Groundball, 3, EV 81.9 MPH)
|
| Top of the 6th over - 1 run, 1 hit, 0 errors, 1 left on base; Kingsport 11 - Grand Junction 6 |
| BOTTOM OF THE 6TH |
|
Grand Junction Rockies batting - Pitching for Kingsport Mets : RHP John Mason
|
|
Batting: RHB Keith Giarratano
|
0-0: Called Strike 0-1: Fly out, F7 (Flyball, 7D, EV 91.9 MPH)
|
|
Batting: LHB Steve Gilliam
|
0-0: Called Strike 0-1: Called Strike 0-2: Strikes out looking
|
|
Batting: RHB Ryan Rinaldi
|
0-0: Ball 1-0: Called Strike 1-1: TRIPLE (Line Drive, 78XD, EV 110.6 MPH)
|
|
Batting: RHB John Boyer
|
0-0: Foul Ball, location: 2F 0-1: Called Strike 0-2: Ground out 4-3 (Groundball, 4S, EV 78.8 MPH)
|
| Bottom of the 6th over - 0 runs, 1 hit, 0 errors, 1 left on base; Kingsport 11 - Grand Junction 6 |
| TOP OF THE 7TH |
|
Kingsport Mets batting - Pitching for Grand Junction Rockies : RHP Willie Benito
|
|
Batting: RHB Josh Jones
|
0-0: Ball 1-0: Ball 2-0: Foul Ball, location: 2F 2-1: Ground out 4-3 (Groundball, 34, EV 101.9 MPH)
|
|
Batting: SHB Callum Lynch
|
0-0: Ball 1-0: Ground out 6-3 (Groundball, 56, EV 89.4 MPH)
|
|
Batting: RHB Steve Page
|
0-0: Called Strike 0-1: Ball 1-1: Ball 2-1: Foul Ball, location: 2F 2-2: SOLO HOME RUN (Flyball, 7LD, EV 93.8 MPH), Distance : 353 ft
|
|
Batting: RHB Kyle Holland
|
0-0: Ball 1-0: Swinging Strike 1-1: Called Strike 1-2: Foul Ball, location: 2F 1-2: Ball 2-2: Ground out 5-3 (Groundball, 56S, EV 87.5 MPH)
|
| Top of the 7th over - 1 run, 1 hit, 0 errors, 0 left on base; Kingsport 12 - Grand Junction 6 |
| BOTTOM OF THE 7TH |
|
Grand Junction Rockies batting - Pitching for Kingsport Mets : RHP John Mason
|
|
Batting: LHB Chris Salim
|
0-0: Ball 1-0: Called Strike 1-1: Foul Ball, location: 2F 1-2: Fly out, F4 (Line Drive, 4, EV 69.4 MPH)
|
|
Batting: RHB Juan Figueroa
|
0-0: Ball 1-0: Called Strike 1-1: Ball 2-1: Foul Ball, location: 2F 2-2: Ball 3-2: Base on Balls
|
|
Pitching: LHP Mike Mathews
|
|
|
Pinch Hitting: RHB Willis Morales
|
0-0: Ball 1-0: Ball 2-0: Called Strike 2-1: Ball 3-1: Base on Balls Juan Figueroa to second
|
|
Batting: SHB Jamie Mims
|
0-0: Called Strike 0-1: Swinging Strike 0-2: Ball Wild Pitch! Juan Figueroa to third Willis Morales to second 1-2: Strikes out swinging
|
|
Batting: RHB John Stevenson
|
0-0: Ball 1-0: SINGLE (Flyball, 78S, EV 92.5 MPH) Juan Figueroa scores Willis Morales to third Runner from 3rd tries for Home, SAFE, throw by LF to home
|
|
Batting: RHB Keith Giarratano
|
0-0: 2-RUN HOME RUN (Flyball, 7LD, EV 95.6 MPH), Distance : 353 ft
|
|
Pitching: RHP Danny Helm
|
|
|
Batting: LHB Steve Gilliam
|
0-0: Ball 1-0: Ball 2-0: Ball 3-0: Called Strike 3-1: Base on Balls
|
|
Batting: RHB Ryan Rinaldi
|
0-0: Called Strike Steve Gilliam steals 2nd base 0-1: Ball 1-1: Called Strike 1-2: Ball 2-2: Ball 3-2: Foul Ball, location: 2F 3-2: SINGLE (Groundball, 25, EV 71.3 MPH) (infield hit) Steve Gilliam to third
|
|
Pinch Hitting: LHB Zack Guillen
|
0-0: Ball 1-0: Foul Ball, location: 2F 1-1: 3-RUN HOME RUN (Line Drive, 9D, EV 106.9 MPH), Distance : 422 ft
|
|
Pitching: RHP Thomas Clark
|
|
|
Batting: LHB Chris Salim
|
0-0: Fly out, F7 (Line Drive, 7D, EV 94.4 MPH)
|
| Bottom of the 7th over - 7 runs, 4 hits, 0 errors, 0 left on base; Kingsport 12 - Grand Junction 13 |
| TOP OF THE 8TH |
|
Kingsport Mets batting - Pitching for Grand Junction Rockies : RHP Willie Benito
|
|
Now at 2B: Doug D'Onofrio
|
|
|
Now at 3B: Brent Montagano
|
|
|
Now in LF: Zakhar Edelman
|
|
|
Batting: SHB Jason Evans
|
0-0: Called Strike 0-1: Fly out, F7 (Flyball, 7S, EV 76.3 MPH)
|
|
Batting: RHB Danny Runberg
|
0-0: Ground out 6-3 (Groundball, 6, EV 87.5 MPH)
|
|
Batting: RHB Coltin Nellis
|
0-0: Swinging Strike 0-1: Ball 1-1: Ball 2-1: SINGLE (Groundball, 56D, EV 95.0 MPH)
|
|
Batting: RHB Dan House
|
0-0: Ball 1-0: Called Strike 1-1: Foul Ball, location: 2F 1-2: Foul Ball, location: 2F 1-2: Foul Ball, location: 2F 1-2: Ball 2-2: Foul Ball, location: 2F 2-2: Foul Ball, location: 2F 2-2: Ball Wild Pitch! Coltin Nellis to second 3-2: Foul Ball, location: 2F 3-2: Base on Balls
|
|
Batting: LHB Mototsune Suzuki
|
0-0: Ball 1-0: Ball 2-0: Ball 3-0: Called Strike 3-1: SINGLE (Line Drive, 78S, EV 106.9 MPH) Coltin Nellis to third Dan House to second Runner from 3rd tries for Home, SAFE, throw by LF to home
|
|
Batting: RHB Josh Jones
|
0-0: Called Strike 0-1: Ground out 4-3 (Groundball, 4, EV 76.9 MPH)
|
| Top of the 8th over - 1 run, 2 hits, 0 errors, 2 left on base; Kingsport 13 - Grand Junction 13 |
| BOTTOM OF THE 8TH |
|
Grand Junction Rockies batting - Pitching for Kingsport Mets : RHP Thomas Clark
|
|
Batting: RHB Juan Figueroa
|
0-0: Ball 1-0: Ball 2-0: Foul Ball, location: 2F 2-1: Called Strike 2-2: Strikes out swinging
|
|
Batting: RHB Doug D'Onofrio
|
0-0: Ball 1-0: Ball 2-0: Foul Ball, location: 2F 2-1: Fly out, F8 (Flyball, 78D, EV 85.0 MPH)
|
|
Batting: SHB Jamie Mims
|
0-0: Ball 1-0: Foul Ball, location: 2F 1-1: Called Strike 1-2: Ball 2-2: Ball 3-2: SINGLE (Groundball, 4MD, EV 94.4 MPH)
|
|
Pinch Hitting: LHB Luke Coulter
|
0-0: Called Strike Jamie Mims steals 2nd, throwing error, E2 Jamie Mims to third 0-1: 2-RUN HOME RUN (Flyball, 9D, EV 103.8 MPH), Distance : 391 ft
|
|
Pitching: LHP Tony Diaz
|
|
|
Batting: RHB Keith Giarratano
|
0-0: Ball 1-0: Foul Ball, location: 2F 1-1: Ball 2-1: Ball 3-1: Called Strike 3-2: SINGLE (Groundball, 34D, EV 103.1 MPH)
|
|
Batting: LHB Steve Gilliam
|
0-0: Foul Ball, location: 2F 0-1: Ball 1-1: Foul Ball, location: 2F 1-2: Ball 2-2: Foul Ball, location: 2F 2-2: Foul Ball, location: 2F 2-2: Ball 3-2: SINGLE (Flyball, 3D, EV 93.1 MPH) Keith Giarratano to second Keith Giarratano to third
|
|
Batting: RHB Ryan Rinaldi
|
0-0: Ball 1-0: Ball 2-0: Ball 3-0: Base on Balls Steve Gilliam to second
|
|
Pitching: RHP Marvin Merino
|
|
|
Batting: RHB Brent Montagano
|
0-0: Foul Ball, location: 2F 0-1: Fielders Choice at 2nd, 6-4 (Groundball, 6, EV 84.4 MPH)
|
| Bottom of the 8th over - 2 runs, 4 hits, 1 error, 3 left on base; Kingsport 13 - Grand Junction 15 |
| TOP OF THE 9TH |
|
Kingsport Mets batting - Pitching for Grand Junction Rockies : RHP Willie Benito
|
|
Now in LF: Michael Krott
|
|
|
Now in CF: Zakhar Edelman
|
|
|
Batting: SHB Callum Lynch
|
0-0: SINGLE (Groundball, 6MD, EV 93.8 MPH)
|
|
Batting: RHB Steve Page
|
0-0: Ball 1-0: Ball 2-0: Ball 3-0: Base on Balls Callum Lynch to second
|
|
Batting: RHB Kyle Holland
|
0-0: Ball Wild Pitch! Callum Lynch to third Steve Page to second 1-0: Called Strike 1-1: 3-RUN HOME RUN (Flyball, 7LD, EV 95.6 MPH), Distance : 356 ft
|
|
Batting: SHB Jason Evans
|
0-0: Ball 1-0: Ground out 4-3 (Groundball, 13, EV 81.3 MPH)
|
|
Batting: RHB Danny Runberg
|
0-0: Called Strike 0-1: Swinging Strike 0-2: Ball 1-2: Ball 2-2: Ball 3-2: Base on Balls
|
|
Pitching: RHP Jeff Sorrels
|
|
|
Batting: RHB Coltin Nellis
|
0-0: Ball 1-0: Ball 2-0: Called Strike 2-1: Ball 3-1: Base on Balls Danny Runberg to second
|
|
Batting: RHB Dan House
|
0-0: Called Strike 0-1: Foul Ball, location: 2F 0-2: Ball 1-2: Fly out, F9 (Flyball, 9S, EV 88.1 MPH)
|
|
Batting: LHB Mototsune Suzuki
|
0-0: Fielders Choice at 2nd, 5-4 (Groundball, 56, EV 97.5 MPH)
|
| Top of the 9th over - 3 runs, 2 hits, 0 errors, 2 left on base; Kingsport 16 - Grand Junction 15 |
| BOTTOM OF THE 9TH |
|
Grand Junction Rockies batting - Pitching for Kingsport Mets : RHP Marvin Merino
|
|
Now at 2B: Jack Nickleberry
|
|
|
Pinch Hitting: LHB Jason Ryan
|
0-0: Ball 1-0: SINGLE (Groundball, 5S, EV 70.0 MPH) (infield hit)
|
|
Batting: RHB Juan Figueroa
|
0-0: Called Strike 0-1: Ball 1-1: Called Strike 1-2: Strikes out swinging
|
|
Batting: RHB Doug D'Onofrio
|
0-0: Swinging Strike 0-1: Foul Ball, location: 2F 0-2: Ball 1-2: Foul Ball, location: 2F 1-2: Foul Ball, location: 2F 1-2: Ball 2-2: Ball 3-2: Strikes out looking
|
|
Batting: SHB Jamie Mims
|
0-0: SINGLE (Groundball, 34D, EV 85.0 MPH) (infield hit) Jason Ryan to second
|
|
Pinch Runner at 2nd Chris Osting:
|
|
|
Batting: LHB Michael Krott
|
0-0: Ball 1-0: Ball 2-0: Ball Wild Pitch! Chris Osting to third Jamie Mims to second 3-0: Intentional Walk
|
|
Batting: RHB Keith Giarratano
|
0-0: Called Strike 0-1: Ball 1-1: Called Strike 1-2: Foul Ball, location: 2F 1-2: Ball 2-2: Strikes out swinging
|
| Bottom of the 9th over - 0 runs, 2 hits, 0 errors, 3 left on base; Kingsport 16 - Grand Junction 15 |
|